 Dungeon Crawl Stone Soup version 0.30-a0-613-gdd512c7efb (webtiles) character file.

Game seed: 7908766663231429054

96 acebull12 the Chopper (level 4, -4/38 HPs)
             Began as a Hill Orc Reaver on Jan 9, 2023.
             Slain by Ijyb
             ... wielding a +4 club
              (8 damage)
             ... on level 3 of the Dungeon.
             The game lasted 00:05:42 (2608 turns).

acebull12 the Chopper (Hill Orc Reaver)             Turns: 2608, Time: 00:05:43

Health: -4/38      AC:  6    Str: 16    XL:     4   Next: 67%
Magic:  6/6        EV:  7    Int: 13    God:
Gold:   151        SH:  0    Dex:  9    Spells: 5/6 levels left

rFire   . . .      SeeInvis .    a - +0 hand axe
rCold   . . .      Faith    .    (no shield)
rNeg    . . .      Spirit   .    j - +0 ring mail
rPois   .          Reflect  .    p - +0 helmet
rElec   .          Harm     .    (no cloak)
rCorr   .          Rampage  .    (no gloves)
Will    .....                    (no boots) Stlth
                                 (no amulet)
HPRegen 0.26/turn                (no ring)
MPRegen 0.10/turn                (no ring)

@: grasped by roots, constricted
A: no striking features
a: no special abilities


You were on level 3 of the Dungeon.
You visited 1 branch of the dungeon, and saw 3 of its levels.

You collected 151 gold pieces.

Inventory:

Hand Weapons
 a - a +0 hand axe (weapon)
Missiles
 m - 35 stones (quivered)
Armour
 j - a +0 ring mail (worn)
 p - a +0 helmet (worn)
Scrolls
 c - a scroll of teleportation {unknown}
 f - 6 scrolls of identify {unknown}
 g - a scroll of vulnerability {unknown}
 h - 2 scrolls of enchant armour {unknown}
 i - 2 scrolls of fog {unknown}
 n - a scroll of blinking {unknown}
Potions
 b - a potion of lignification {unknown}
 d - a potion of haste {unknown}
 e - 2 potions of resistance {unknown}
 k - a potion of mutation {unknown}
 l - a potion of magic {unknown}
 o - 2 potions of curing


   Skills:
 * Level 3.2 Fighting
 * Level 5.3 Axes
 + Level 0.8 Armour
 + Level 1.6 Dodging
 + Level 0.1 Stealth
 + Level 1.6 Spellcasting
 * Level 3.4 Conjurations
 * Level 1.2 Necromancy


You had 5 spell levels left.
You knew the following spells:

 Your Spells              Type           Power      Damage    Failure   Level
a - Kiss of Death         Conj/Necr      28%        2d7       19%         1

Your spell library contained the following spells:

 Spells                   Type           Power      Damage    Failure   Level
 Momentum Strike          Conj/Tloc      10%        3d8       36%         2
 Hailstorm                Conj/Ice       5%         3d4       58%         3


Dungeon Overview and Level Annotations

Branches:
Dungeon (3/15)

Altars:
Trog

Annotations:
D:3 Ijyb


Message History

Ijyb is moderately wounded.
Ijyb hits you with a +4 club.
You barely miss Ijyb.
Ijyb is moderately wounded.
Ijyb barely misses you.
You hit Ijyb but do no damage.
Ijyb is moderately wounded.
Ijyb barely misses you.
You hit Ijyb.
Ijyb is heavily wounded.
Ijyb barely misses you.
You closely miss Ijyb.
Ijyb is heavily wounded.
Ijyb zaps a wand.
The roots erupt in riotous growth!
The grasping roots grab you!
Ijyb is unaffected.
The grasping roots constrict you.
You hear a shout!
You hit Ijyb.
Ijyb is severely wounded.
Ijyb hits you with a +4 club. The grasping roots constrict you.
* * * LOW HITPOINT WARNING * * *
You hit Ijyb but do no damage.
Ijyb is severely wounded.
Ijyb screams, "Level is mine!
All mine!"
Ijyb hits you but does no damage. The grasping roots constrict you.
* * * LOW HITPOINT WARNING * * *
The grasping roots release their grip on you.
You hit Ijyb but do no damage.
Ijyb is severely wounded.
Ijyb barely misses you.
You barely miss Ijyb.
Ijyb is severely wounded.
Ijyb zaps a wand.
The roots erupt in riotous growth!
The grasping roots grab you!
Ijyb is unaffected.
The grasping roots constrict you.
* * * LOW HITPOINT WARNING * * *
You hit Ijyb.
Ijyb is severely wounded.
Ijyb hits you with a +4 club!
You die...

#### ##.#........#
#.#.######.# #.#.# #.#
####.#.######.#
###.............#
..#.##.#.######.#
#g#.#....# #.#
#.#......######.#
##.###.#@#...........####
#......g.##.####.).......
##.###.####.# #.###.###.
#. #.# #.# #.###. #. #+#
#.# #.##.. .. #.# #.....
## #.######.. #.........
.####....#


You could see Ijyb.

Vanquished Creatures
  Robin (D:3)
  3 adders (D:2)
  A dart slug (D:2)
  A ball python (D:2)
  4 endoplasms
  2 giant cockroaches
  11 goblins
  7 hobgoblins
  4 jackals (D:2)
  A quokka (D:1)
  4 bats
  3 frilled lizards
  7 kobolds
  3 rats
52 creatures vanquished.

Notes
Turn   | Place    | Note
-------+----------+-------------------------------------------
     0 | D:1      | acebull12 the Hill Orc Reaver began the quest for the Orb.
     0 | D:1      | Reached XP level 1. HP: 18/18 MP: 3/3
   152 | D:1      | Reached XP level 2. HP: 24/25 MP: 4/4
   870 | D:2      | Found a bloodstained altar of Trog.
   951 | D:2      | Reached XP level 3. HP: 30/30 MP: 5/5
  1174 | D:2      | Reached skill level 5 in Axes
  1288 | D:2      | Reached skill level 1 in Necromancy
  1291 | D:2      | HP: 1/30 [poisoned by an adder]
  1713 | D:2      | Reached XP level 4. HP: 35/37 MP: 6/6
  2371 | D:3      | Noticed Robin
  2484 | D:3      | Killed Robin
  2593 | D:3      | Noticed Ijyb
  2608 | D:3      | Slain by Ijyb

Illustrated notes

Levels and vault maps discovered:
D:1:      saegor_arrival_simple_b, layout_basic, serial_curves, eino_curves_02,
          eino_curves_02
D:2:      layout_basic, basic_altar, hangedman_decor_points, minmay_nonomino_d4
D:3:      layout_loops_corners, led_sif_pool, ebering_ecumenical_altar_hall,
          uniq_jessica, uniq_robin, uniq_terence, uniq_ijyb,
          uniq_crazy_yiuf_cottage

Skill      XL: |  1  2  3  4 |
---------------+-------------+-----
Axes           | 5 |  5.3
Necromancy     | 1 |  1.2
Fighting       | 3 |  3.2
Armour         | |  0.8
Dodging        | |  1.6
Stealth        | |  0.1
Spellcasting   | |  1.6
Conjurations   | |  3.4

Action                   |  1- 3 |  4- 6 || total
-------------------------+-------+-------++-------
Melee: Hand axe          |   107 |   118 ||   225
       Punch             |     1 |     2 ||     3
Throw: Stone             |       |     1 ||     1
Armor: Leather armour    |    21 |       ||    21
       Ring mail         |    14 |    54 ||    68
Dodge: Dodged            |    59 |    49 ||   108

Table legend: (Time is in decaauts)
 A = Elapsed time spent in this place.
 B = Non-inter-level travel time spent in this place.
 C = Inter-level travel time spent in this place.
 D = Time resting spent in this place.
 E = Time spent auto-exploring this place.
 F = Levels seen in this place.
 G = Mean time per level.
                   A        B        C        D        E       F      G
               +--------+--------+--------+--------+--------+-----+--------+
         Total |   2623 |   2423 |    200 |    169 |   1738 |   3 |  874.3 |
       Dungeon |   2623 |   2423 |    200 |    169 |   1738 |   3 |  874.3 |
               +--------+--------+--------+--------+--------+-----+--------+

Top non-repeatable levels by time:
     D:2: 1332 daAuts
     D:1: 820 daAuts
     D:3: 470 daAuts
